 Dungeon Crawl Stone Soup version 0.19.0-22-gd96e5fe (webtiles) character file.

1229 hangover the Digger (level 8, 0/42 HPs)
             Began as a Gargoyle Earth Elementalist on Nov 7, 2016.
             Was a Believer of Sif Muna.
             Killed by divine providence
             ... invoked by an orc priest
              (16 damage)
             ... on level 8 of the Dungeon on Nov 18, 2016.
             The game lasted 00:58:25 (3962 turns).

hangover the Digger (Gargoyle Earth Elementalist)   Turns: 3962, Time: 00:58:26

Health: 0/42       AC:  7    Str: 12    XL:     8   Next: 48%
Magic:  1/17       EV: 12    Int: 18    God:    Sif Muna [**....]
Gold:   165        SH:  0    Dex: 10    Spells: 3 memorised, 13 levels left

rFire  . . .     SeeInvis .     f - +1 dagger
rCold  . . .     Gourm    .     k - +0 robe (curse)
rNeg   + . .     Faith    .     (no shield)
rPois  ∞         Spirit   .     (no helmet)
rElec  +         Reflect  .     (no cloak)
rCorr  .         Harm     .     (no gloves)
MR     .....                    (no boots)
Stlth  ++........               (no amulet)
                                y - ring of loudness (curse)
                                o - ring of flight

@: divine energy
A: negative energy resistance 1, electricity resistance, unbreathing,
petrification resistance, rot immunity, AC +5
a: Stop Divine Energy, Renounce Religion, Evoke Flight


You were on level 8 of the Dungeon.
You worshipped Sif Muna.
Sif Muna was pleased with you.
You were not hungry.

You visited 2 branches of the dungeon, and saw 9 of its levels.
You also visited: Ossuary and Bailey.

You collected 189 gold pieces.
You spent 24 gold pieces at shops.

Inventory:

Hand Weapons
 f - a +1 dagger (weapon)
Missiles
 h - 43 stones (quivered)
 r - 49 sling bullets
 w - 3 tomahawks of dispersal
Armour
 k - a cursed +0 robe (worn)
Jewellery
 o - a ring of flight (left hand)
 y - a cursed ring of loudness (right hand)
Wands
 n - a wand of confusion (18/48)
Scrolls
 a - 3 scrolls of teleportation
 j - 3 scrolls of recharging
Potions
 c - 3 potions of agility
 i - 2 potions of cure mutation
 l - 2 potions of brilliance {unknown}
 p - a potion of heal wounds {unknown}
 s - a potion of degeneration {unknown}
 u - a potion of curing {unknown}
 v - a potion of flight {unknown}
 x - a potion of berserk rage {unknown}
Books
 e - a book of Geomancy

   Spells                             Type                      Level
   a - Sandblast                      Earth                        1
   b - Passwall                       Transmutation/Earth          2
   c - Stone Arrow                    Conjuration/Earth            3
   d - Petrify                        Transmutation/Earth          4
   e - Lee's Rapid Deconstruction     Earth                        5
Comestibles
 d - 4 bread rations
 g - 4 fruits
 q - 2 meat rations
 t - a slice of pizza


   Skills:
 + Level 0.4 Fighting
 + Level 1.9 Dodging
 * Level 5.9 Stealth
 + Level 6.0 Spellcasting
 + Level 1.4 Conjurations
 + Level 0.7 Transmutations
 + Level 7.6 Earth Magic


You had 13 spell levels left.
You knew the following spells:

 Your Spells              Type           Power        Failure   Level  Hunger
a - Sandblast             Erth           ####..       1%          1    None
b - Passwall              Tmut/Erth      ###.......   3%          2    None
c - Stone Arrow           Conj/Erth      ###...       6%          3    ##.....


Dungeon Overview and Level Annotations

Branches:
Dungeon (8/15)             Temple (1/1) D:5
   Lair: D:8-11

Altars:
Ashenzari
Dithmenos
Gozag
Hepliaklqana
Kikubaaqudgha
Makhleb
Ru
Sif Muna
Trog
Xom
Zin
The Shining One

Shops:
D:7 *


Innate Abilities, Weirdness & Mutations

You are resistant to torment.
Your stone body is resilient. (AC +5)
You are immune to poison.
You resist negative energy. (rN+)
You are resistant to electric shocks. (rElec)
You can survive without breathing.
You are immune to petrification.
You are immune to rotting.


Message History

The stone arrow hits the orc warrior.
The orc warrior is moderately wounded.
Casting: Stone Arrow
Confirm with . or Enter, or press ? or * to list all spells.
Aiming: Stone Arrow
Press: ? - help, Shift-Dir - straight line, f - orc priest
Aim: an orc priest, wielding a dagger The stone arrow hits the orc warrior.
The orc warrior is heavily wounded.
Sif Muna grants you divine energy.
You briefly lose access to your magic!
The orc priest invokes the aid of Beogh against you.
Beogh smites you!
The orc priest invokes the aid of Beogh against you.
Beogh smites you!
You regain access to your magic.
There is an open door here.
The orc priest calls down the wrath of Beogh upon you.
Beogh smites you!
You die...

..#.....#......#..)........
..#.....#......#...........
..#.....'......#.o.........
..#.....#......#...........
..#.....#......#...........
..#.....#......#...........
..#.....#......##o†.###...#
.##....##......##'##### ###
.########.......@.....#
.......#..............#
.......#..............#
.......#..............#
.......#..............#
.......#..............#
.......#.......##....##
.......#.......##....#
.......#.......#......#


You could see an orc warrior and an orc priest.

Vanquished Creatures
  An orc warrior (Bailey)
  A sky beast (D:6)
  An ogre (D:7)
  An elf zombie (Ossuary)
  2 bullfrogs
  2 howler monkeys
  4 hounds
  2 orc priests (D:8)
  2 bullfrog skeletons
  A human zombie (Ossuary)
  2 jellies
  2 orc wizards
  Ijyb (D:2)
  2 worker ants
  2 iguanas
  A hound zombie (D:8)
  A worker ant zombie (D:8)
  4 gnolls (D:4)
  5 adders
  3 worms
  A dart slug (D:2)
  5 leopard geckos
  10 orcs
  2 ball pythons (D:3)
  5 giant cockroaches
  2 goblins (D:2)
  4 hobgoblins
  5 jackals
  3 quokkas
  2 bats
  7 frilled lizards
  2 kobolds
  3 quokka skeletons
  A quokka zombie (D:5)
  6 rats
98 creatures vanquished.

Notes
Turn   | Place    | Note
-------+----------+-------------------------------------------
     0 | D:1      | hangover the Gargoyle Earth Elementalist began the quest for the Orb.
     0 | D:1      | Reached XP level 1. HP: 10/10 MP: 3/3
   339 | D:1      | Reached XP level 2. HP: 15/15 MP: 3/5
   343 | D:1      | Learned a level 2 spell: Passwall
   366 | D:1      | Reached skill level 4 in Earth Magic
   571 | D:2      | Found a shattered altar of Ashenzari.
   714 | D:2      | Reached XP level 3. HP: 19/19 MP: 2/6
   733 | D:2      | Noticed Ijyb
   777 | D:2      | Killed Ijyb
   863 | D:2      | Reached XP level 4. HP: 24/24 MP: 3/8
   981 | D:2      | Found a faded altar of an unknown god.
   981 | D:2      | Found a deep blue altar of Sif Muna.
   986 | D:2      | Found a faded altar of an unknown god.
   991 | D:2      | Found a faded altar of an unknown god.
   993 | D:2      | Found a faded altar of an unknown god.
  1003 | D:2      | Became a worshipper of Sif Muna the Loreminder
  1457 | D:3      | Found a sacrificial altar of Ru.
  1465 | D:3      | Reached skill level 5 in Earth Magic
  1465 | D:3      | Reached XP level 5. HP: 28/28 MP: 3/9
  1567 | D:3      | Found a hazy altar of Hepliaklqana.
  1782 | D:4      | Reached XP level 6. HP: 30/32 MP: 4/11
  1793 | D:4      | Learned a level 3 spell: Stone Arrow
  1866 | D:4      | Reached * piety under Sif Muna
  1887 | D:5      | Entered Level 5 of the Dungeon
  1887 | D:5      | Found a staircase to the Ecumenical Temple.
  1892 | Temple   | Entered the Ecumenical Temple
  1924 | D:5      | Found a sand-covered staircase.
  1937 | Ossuary  | Entered an ossuary
  1987 | Ossuary  | Reached skill level 6 in Earth Magic
  2029 | D:5      | Upgraded the game from 0.19.0-9-gfd783f2 to 0.19.0-22-gd96e5fe
  2213 | D:5      | Found an opulent altar of Gozag.
  2338 | D:5      | Reached XP level 7. HP: 36/36 MP: 2/13
  2558 | D:6      | Found a shadowy altar of Dithmenos.
  2560 | D:6      | Found an ancient bone altar of Kikubaaqudgha.
  2566 | D:6      | Found a burning altar of Makhleb.
  2573 | D:6      | Found a glowing golden altar of the Shining One.
  2575 | D:6      | Found a shimmering altar of Xom.
  2678 | D:6      | Reached skill level 5 in Stealth
  2779 | D:7      | Reached skill level 7 in Earth Magic
  2805 | D:7      | Found Pugif's General Store.
  2809 | D:7      | Reached skill level 5 in Spellcasting
  2812 | D:7      | Bought a scroll of identify for 24 gold pieces
  2932 | D:7      | Reached XP level 8. HP: 7/41 MP: 1/16
  3229 | D:8      | Noticed a two-headed ogre
  3262 | D:8      | Found a flagged portal.
  3275 | D:8      | Reached skill level 1 in Conjurations
  3283 | Bailey   | Entered a bailey
  3640 | D:8      | Reached ** piety under Sif Muna
  3841 | D:8      | Found a bloodstained altar of Trog.
  3962 | D:8      | Killed from afar by an orc priest

Skill      XL: |  1  2  3  4  5  6  7  8 |
---------------+-------------------------+-----
Earth Magic    | 4 5 6 7 |  7.6
Spellcasting   | 3 4 5 6 |  6.0
Stealth        | 3 4 5 |  5.9
Conjurations   | 1 |  1.4
Fighting       | |  0.4
Dodging        | |  1.9
Transmutations | |  0.7

Action                   |  1- 3 |  4- 6 |  7- 9 || total
-------------------------+-------+-------+-------++-------
 Cast: Sandblast         |    33 |    89 |    69 ||   191
       Passwall          |     3 |       |       ||     3
       Stone Arrow       |       |     2 |    27 ||    29
Invok: Divine Energy     |       |     1 |       ||     1
 Abil: Evoke Flight      |       |       |     1 ||     1
  Use: Scroll            |       |     2 |    10 ||    12
       Potion            |       |       |     1 ||     1
  Eat: Chunk             |       |     1 |     3 ||     4
       Bread ration      |       |     1 |     1 ||     2
Armor: Robe              |     4 |     9 |    11 ||    24
Dodge: Dodged            |    13 |    13 |    34 ||    60
